 Dungeon Crawl Stone Soup version 0.28.0-49-g6dfe1f597d (webtiles) character file.

Game seed: 2792033588565929597

23 Dismas36 the Skirmisher (level 3, -1/29 HPs)
             Began as a Human Monk on May 15, 2022.
             Was a Priest of Sif Muna.
             Slain by a hound (3 damage)
             ... on level 6 of the Dungeon.
             The game lasted 00:04:04 (519 turns).

Dismas36 the Skirmisher (Human Monk)                 Turns: 519, Time: 00:04:05

Health: -1/29      AC:  2    Str: 13    XL:     3   Next: 10%
Magic:  3/3        EV: 13    Int: 10    God:    Sif Muna [***...]
Gold:   34         SH:  0    Dex: 15    Spells: 2/2 levels left

rFire   . . .      SeeInvis .   a - +0 spear
rCold   . . .      Faith    .   (no shield)
rNeg    . . .      Spirit   .   b - +0 robe
rPois   .          Reflect  .   (no helmet)
rElec   .          Harm     .   (no cloak)
rCorr   .          Rampage  .   (no gloves)
Will    .....                   (no boots)
Stlth   ++........              (no amulet)
HPRegen 0.09/turn               (no ring)
MPRegen 0.08/turn               (no ring)

@: no status effects
A: no striking features
a: Renounce Religion, Channel Magic, Forget Spell


You were on level 6 of the Dungeon.
You worshipped Sif Muna.
Sif Muna was most pleased with you.
You visited 1 branch of the dungeon, and saw 6 of its levels.

You collected 34 gold pieces.

Inventory:

Hand Weapons
 a - a +0 spear (weapon)
 g - a +0 whip
 h - a +0 short sword
Missiles
 f - 6 poisoned darts (quivered)
Armour
 b - a +0 robe (worn)
 d - a +0 ring mail
 e - a +0 leather armour
 i - a +0 leather armour
Jewellery
 j - an amulet of guardian spirit
Scrolls
 c - a scroll of identify {unknown}


   Skills:
 + Level 3.3 Fighting
 + Level 3.3 Polearms
 + Level 3.2 Dodging
 + Level 2.3 Stealth


You had 2 spell levels left.
You didn't know any spells.
Your spell library was empty.

Dungeon Overview and Level Annotations

Branches:
Dungeon (6/15)             Temple (0/1) D:5

Altars:
Sif Muna


Message History

The hound closely misses you.
There is a stone staircase leading down here.
The hound closely misses you.
You climb downwards.
Found 31 stones.
There is a stone staircase leading up here.
Found a stone staircase leading up.
The hound bites you.
* * * LOW HITPOINT WARNING * * *
The hound bites you.
* * * LOW HITPOINT WARNING * * *
You open the door.
An orc comes into view. It is wielding a +0 club.
The hound closely misses you. The hound bites you but does no damage.
There is an open door here.
A scorpion comes into view.
The orc barely misses you.
Found a stone staircase leading up.
The hound closely misses you. The orc closely misses you.
Found an escape hatch in the ceiling.
The hound bites you.
* * * LOW HITPOINT WARNING * * *
The hound barely misses you.
You barely miss the hound. The hound closely misses you.
You hit the hound but do no damage. The hound misses you.
You hit the hound.
The hound is moderately wounded.
The hound barely misses you. The hound bites you.
* * * LOW HITPOINT WARNING * * *
You hit the hound but do no damage.
The hound is moderately wounded.
The hound closely misses you.
You closely miss the hound.
The hound is moderately wounded.
The hound bites you.
* * * LOW HITPOINT WARNING * * *
The hound misses you.
You hit the hound but do no damage.
The hound is moderately wounded.
The hound bites you.
You die...

######## #......#
#....@.# #....#h#
+<..##o##
##########..##.s.##
.......<...##.....##
..###......'...8.....#
..........###...###..
#...........(#...# .<
##.#####.#####.<.# .


You could see a scorpion, a hound and an orc.

Vanquished Creatures
  An adder (D:2)
  A bat (D:2)
  2 giant cockroaches (D:1)
  A goblin (D:1)
  2 quokkas (D:1)
  A ball python (D:1)
  2 kobolds
  3 rats (D:1)
13 creatures vanquished.

Notes
Turn   | Place    | Note
-------+----------+-------------------------------------------
     0 | D:1      | Dismas36 the Human Monk began the quest for the Orb.
     0 | D:1      | Reached XP level 1. HP: 18/18 MP: 1/1
    98 | D:1      | Found a faded altar of an unknown god.
   115 | D:1      | Prayed at the altar of an unknown god.
   115 | D:1      | Became a worshipper of Sif Muna the Loreminder
   115 | D:1      | Reached * piety under Sif Muna
   115 | D:1      | Reached ** piety under Sif Muna
   162 | D:1      | Reached XP level 2. HP: 16/24 MP: 2/2
   252 | D:1      | You fall into a shaft and drop 1 floor!
   306 | D:2      | Reached *** piety under Sif Muna
   333 | D:2      | Reached XP level 3. HP: 6/29 MP: 3/3
   347 | D:2      | Noticed a scorpion
   494 | D:5      | Entered Level 5 of the Dungeon
   494 | D:5      | Noticed an ogre
   494 | D:5      | Found a staircase to the Ecumenical Temple.
   508 | D:6      | Noticed a scorpion
   519 | D:6      | Slain by a hound

Illustrated notes

Levels and vault maps discovered:
D:1:      psy_arrival_heroes, layout_rooms, ebering_ecumenical_altar_webs,
          minivault_5, minmay_cut_off
D:2:      layout_loops_ring, bh_walls_and_bars
D:3:      layout_basic, gup_sewer_entry_glass
D:4:      layout_cave_pools, st_stairs_12
D:5:      lemuel_ice_spiral_2, layout_rooms, fedhas_altar_4,
          gammafunk_temple_overflow_elements, minmay_temple_entry_grid,
          gammafunk_ghost_grave, grunt_decor_cap
D:6:      layout_basic, nicolae_ru_sacrificial_ziggurat, kennysheep_donut,
          grunt_ministairs_15

Action                   || total
-------------------------++-------
Melee: Spear             ||    57
  Use: Potion            ||     1
 Stab: Sleeping          ||     5
Armor: Robe              ||    22
Dodge: Dodged            ||    60
